 Dungeon Crawl Stone Soup version 0.25-a0-1118-g1a081956a1 (webtiles) character file.

Game seed: 16580419180415728316, levelgen mode: deterministic

41 Gynju the Chiller (level 3, -7/24 HPs)
             Began as a Merfolk Ice Elementalist on May 17, 2020.
             Mangled by Sigmund
             ... wielding a +0 scythe
              (10 damage)
             ... on level 2 of the Dungeon.
             The game lasted 00:01:56 (1075 turns).

Gynju the Chiller (Merfolk Ice Elementalist)        Turns: 1075, Time: 00:01:57

Health: -7/24      AC:  3    Str:  9    XL:     3   Next: 52%
Magic:  1/6        EV: 12    Int: 14    God:
Gold:   81         SH:  0    Dex: 14    Spells: 6/7 levels left

rFire    . . .     SeeInvis .   b - +0 whip
rCold    . . .     Gourm    .   (no shield)
rNeg     . . .     Faith    .   f - +0 leather armour
rPois    .         Spirit   .   (no helmet)
rElec    .         Reflect  .   (no cloak)
rCorr    .         Harm     .   (no gloves)
MR       .....                  (no boots)
Stlth    ++........             (no amulet)
HPRegen  0.08/turn              (no ring)
MPRegen  0.10/turn              (no ring)

@: very slightly contaminated
A: change form in water, swift swim, stealthy swim
a: no special abilities


You were on level 2 of the Dungeon.
You were not hungry.

You visited 1 branch of the dungeon, and saw 2 of its levels.

You collected 81 gold pieces.

Inventory:

Hand Weapons
 b - a +0 whip (weapon)
Armour
 f - a +0 leather armour (worn)
Scrolls
 e - a scroll of fog {unknown}
 g - 3 scrolls of enchant weapon {unknown}
 h - a scroll of amnesia {unknown}
 j - a scroll of teleportation {unknown}
Potions
 a - a potion of might {unknown}
 i - a potion of degeneration {unknown}
 k - a potion of lignification {unknown}
Comestibles
 c - 6 rations
 d - 5 chunks of flesh


   Skills:
 - Level 2.6 Dodging
 + Level 3.1 Stealth
 + Level 2.5 Spellcasting
 + Level 4.8 Ice Magic


You had 6 spell levels left.
You knew the following spells:

 Your Spells              Type           Power        Failure   Level  Hunger
a - Freeze                Ice            ###.         4%          1    #......

Your spell library contained the following spells:

 Spells                   Type           Power        Failure   Level  Hunger
 Frozen Ramparts          Ice            ###...       13%         3    ###....
 Ozocubu's Armour         Chrm/Ice       #.......     34%         3    ###....
 Hailstorm                Conj/Ice       #.......     75%         4    #####..
 Summon Ice Beast         Ice/Summ       #.......     75%         4    #####..


Dungeon Overview and Level Annotations

Branches:
Dungeon (2/15)

Altars:
Ru

Annotations:
D:2 Sigmund


Message History

You hit Sigmund.
Sigmund is almost dead.
Sigmund closely misses you.
Your leather armour prevents you from hitting Sigmund.
Sigmund is almost dead.
Sigmund casts a spell.
Sigmund flickers and vanishes!
Deactivating autopickup; reactivate with Ctrl-A.
You're too confused to move!
You hear some strange, mumbled words.
A puff of flame appears from out of thin air!
The puff of flame hits you.
You're too confused to cast spells.
You miss something. Something hits you!
* * * LOW HITPOINT WARNING * * *
You feel less confused. Something hits you.
* * * LOW HITPOINT WARNING * * *
Something hits you!
You die...

### ## #..# .# #...#.#
#.#...# ##.#.## #...#.#
#.#.@.#
###########..#..# #
#.........##..###
#..........##.#
#.............#######
##...................#
##..........####รท####.#
#...........##.....##
............#.......#


There were no monsters in sight!

Vanquished Creatures
  2 dart slugs (D:1)
  A leopard gecko (D:1)
  5 bats
  5 goblins (D:1)
  A hobgoblin (D:2)
  6 jackals
  A quokka (D:2)
  2 frilled lizards
  4 kobolds
  5 rats
32 creatures vanquished.

Notes
Turn   | Place    | Note
-------+----------+-------------------------------------------
     0 | D:1      | Gynju the Merfolk Ice Elementalist began the quest for the
                  | Orb.
     0 | D:1      | Reached XP level 1. HP: 13/13 MP: 3/3
   138 | D:1      | Reached XP level 2. HP: 19/19 MP: 0/5
   559 | D:1      | Reached XP level 3. HP: 24/24 MP: 6/6
  1004 | D:2      | Found a sacrificial altar of Ru.
  1057 | D:2      | Noticed Sigmund
  1075 | D:2      | Mangled by Sigmund

Illustrated notes

Levels and vault maps discovered:
D:1:      doesnt_arrival_eight_statues, layout_loops_ring, minmay_pentomino_o4
D:2:      layout_rooms, old_standard_altar, grunt_temple_overflow_diamond,
          marbit_many_paths, first_ration, uniq_sigmund

Skill      XL: |  1  2  3 |
---------------+----------+-----
Stealth        | 3 |  3.1
Dodging        | |  2.6
Spellcasting   | |  2.5
Ice Magic      | |  4.8

Action                   || total
-------------------------++-------
Melee: Whip              ||    59
 Cast: Freeze            ||    26
 Stab: Sleeping          ||     2
  Eat: Chunk             ||     1
Armor: Robe              ||     6
       Leather armour    ||    15
Dodge: Dodged            ||    66

Table legend:
 A = Non-vault XP
 B = Vault XP
 C = Vault XP percentage of total XP
 D = Non-vault monster count
 E = Vault monster count
 F = Vault count percentage of total count
                 A         B        C        D         E       F
            +---------+---------+-------+---------+---------+-------
      Total |      53 |       6 |  10.2 |      28 |       4 |  12.5
            +---------+---------+-------+---------+---------+-------
        D:1 |      40 |       5 |  11.1 |      20 |       3 |  13.0
        D:2 |      13 |       1 |   7.1 |       8 |       1 |  11.1
            +---------+---------+-------+---------+---------+-------
